 Dungeon Crawl Stone Soup version 0.13.0-6-g40e4d2d (webtiles) character file.

1389 Leibowitz the Ducker (level 8, -5/49 HPs)
             Began as a Kobold Fighter on Oct 14, 2013.
             Was an Initiate of Okawaru.
             Slain by a centaur
             ... wielding a +2,+0 trident
              (7 damage)
             ... on Level 6 of the Dungeon.
             The game lasted 00:27:22 (7920 turns).

Leibowitz the Ducker (Kobold Fighter)               Turns: 7920, Time: 00:27:23

HP  -5/49        AC  6     Str 15      XL: 8   Next: 56%
MP   9/9         EV 19     Int  5 (6)  God: Okawaru [......]
Gold 302         SH 13     Dex 17      Spells:  0 memorised,  7 levels left

Res.Fire  : . . .   See Invis. : .   i - +0,+1 dwarf dagger
Res.Cold  : . . .   Warding    : +   v - +2 orc robe {MR+}
Life Prot.: + + +   Conserve   : .   c - +0 buckler
Res.Poison: .       Res.Corr.  : .   g - +0 helmet
Res.Elec. : .       Clarity    : .   (no cloak)
Sust.Abil.: . .     Spirit.Shd : .   l - +0 pair of gauntlets
Res.Mut.  : .       Stasis     : .   (no boots)
Res.Rott. : .       Flight     : .   b - amulet of warding
Saprovore : + + .                    w - ring of positive energy
                                     A - ring of positive energy

@: somewhat resistant to hostile enchantments, quite stealthy
A: disease resistance, carnivore 3, saprovore 2
a: Renounce Religion


You were on level 6 of the Dungeon.
You worshipped Okawaru.
Okawaru was noncommittal.
You were not hungry.

You visited 2 branches of the dungeon, and saw 7 of its levels.

You collected 282 gold pieces.

Inventory:

Hand weapons
 a - a +0,+0 short sword
 i - a +0,+1 dwarven dagger (weapon)
Armour
 c - a +0 buckler (worn)
 g - a +0 helmet (worn)
 l - a +0 pair of gauntlets (worn)
 v - a +2 orcish robe of magic resistance (worn)
Magical devices
 n - a wand of lightning (1)
 q - a wand of slowing (6)
 r - a wand of paralysis (12)
 x - a wand of lightning (1)
Comestibles
 d - 4 meat rations
Scrolls
 e - 5 scrolls of remove curse
 h - 4 scrolls of identify
 j - a scroll of magic mapping
Jewellery
 b - an amulet of warding (around neck)
 f - an uncursed ring of wizardry
 w - a ring of positive energy (right hand)
 y - a +1 ring of intelligence
 A - a ring of positive energy (left hand)


   Skills:
 * Level 5.0 Fighting
 * Level 3.9 Short Blades
 - Level 2.4 Armour
 + Level 7.1 Dodging
 * Level 5.0 Stealth
 * Level 4.3 Shields
 + Level 1.6 Evocations


You had 7 spell levels left.
You didn't know any spells.

Dungeon Overview and Level Annotations

Branches:
Dungeon (6/27)             Temple (1/1) D:6
    Orc: D:6-11

Altars:
Ashenzari
Cheibriados
Elyvilon
Fedhas
Kikubaaqudgha
Makhleb
Nemelex Xobeh
Okawaru
Sif Muna
Trog
Vehumet
Xom
Yredelemnul
Zin
the Shining One

Shops:
D:5 [

Annotations:
D:5 4tharraofdagon's ghost, experienced KoBe


Innate Abilities, Weirdness & Mutations

You recuperate from illness quickly.
You are small and have problems with some larger weapons.
You are carnivorous and can eat meat at any time.
You can eat rotten meat.


Message History

Evoke which item? (* to show all) (? for menu, Esc to quit)
Zapping:
r - a wand of paralysis {recharged}
Press: ? - help, Shift-Dir - straight line, f - centaur
Aim: a centaur, wielding a trident (heavily wounded)
The centaur resists with some effort.
The centaur barely misses you. The goblin hits you but does no damage.
Evoke which item? (* to show all) (? for menu, Esc to quit)
Zapping:
r - a wand of paralysis {zapped: 1}
Press: ? - help, Shift-Dir - straight line, f/p - centaur
Aim: a centaur, wielding a trident (heavily wounded)
The centaur resists with some effort.
The centaur hits you with a trident.
* * * LOW HITPOINT WARNING * * *
The iguana zombie closely misses you. You block the goblin's attack.
You block the centaur's attack.
Evoke which item? (* to show all) (? for menu, Esc to quit)
Zapping:
r - a wand of paralysis {zapped: 2}
Press: ? - help, Shift-Dir - straight line, f/p - centaur
Aim: a centaur, wielding a trident (heavily wounded)
The centaur resists with some effort.
The centaur hits you with a trident!
You die...

,, ,,,,,,,,,,,..P.,,**
,,,,,,,,,,,..........** ,
,,,,,,,,............** ,,,,,,,,
..............**
,,,,,,,,................**
,,,,, ,P8.P............,*
,,,,,,,,................,,**
,,,,,,,...8....cz........,,**
,,,,,,,,,,8,,#.r@..<.....,,,**
,, ,,,,, ,,,*##g........., ,, *
,,, ,, ,,,,** ##?........,,,,
** ,,,,,,,,,** ##........,
,,,,** ,, ,,,,,,,, *
**,.......,,,,,,,,*
,,,,,,,,,,,,***,,......:,,,,,,,
, , ,,,,,,,,,,,*,
,.......,,,,,,,,,
,,,,,,,,,,,,,,,,,......,,,,,,,
,, ,,,,,,,,,,,,,,,,
.....,,,,,,,,, ,


You could see a centaur, an iguana zombie, a quokka and a goblin.

Vanquished Creatures
  3 ogres
  A giant frog (D:5)
  Blork the orc (D:4)
  A hippogriff zombie (D:6)
  The ghost of 4tharraofdagon the Skirmisher, a weakling KoBe of Trog (D:4)
  An orc priest (D:5)
  4 crimson imps (D:5)
  2 hounds
  An iguana (D:5)
  A jelly (D:4)
  A black bear skeleton (D:5)
  4 worker ants
  An ogre skeleton (D:5)
  Ijyb (D:3)
  2 gnolls
  5 adders
  3 giant mites
  A worm (D:3)
  An adder skeleton (D:6)
  A giant eyeball (D:4)
  4 giant geckos
  2 oozes (D:4)
  6 orcs (D:5)
  5 bats
  A bat zombie (D:6)
  4 giant cockroaches
  12 goblins
  10 hobgoblins
  2 jackals (D:2)
  2 ball pythons
  6 giant newts
  9 kobolds
  4 quokkas
  8 rats
111 creatures vanquished.

Notes
Turn   | Place    | Note
--------------------------------------------------------------
     0 | D:1      | Leibowitz, the Kobold Fighter, began the quest for the Orb.
     0 | D:1      | Reached XP level 1. HP: 14/14 MP: 0/0
    97 | D:1      | Reached skill level 1 in Dodging
    97 | D:1      | Reached XP level 2. HP: 8/19 MP: 1/1
   921 | D:1      | Reached XP level 3. HP: 16/24 MP: 2/2
  1183 | D:2      | Reached skill level 1 in Stealth
  1578 | D:2      | Found a blossoming altar of Fedhas.
  2125 | D:2      | Reached XP level 4. HP: 28/28 MP: 3/3
  3457 | D:3      | Reached XP level 5. HP: 31/33 MP: 4/4
  3620 | D:3      | Noticed Ijyb
  3657 | D:3      | Killed Ijyb
  3936 | D:4      | Noticed 4tharraofdagon's ghost (weakling KoBe)
  3971 | D:4      | Killed 4tharraofdagon's ghost
  3971 | D:4      | Reached skill level 4 in Dodging
  4201 | D:4      | Reached XP level 6. HP: 16/38 MP: 5/5
  4526 | D:4      | Noticed an ogre
  4532 | D:4      | Killed an ogre
  5058 | D:4      | Noticed Blork the orc
  5069 | D:4      | Killed Blork the orc
  5069 | D:4      | Reached XP level 7. HP: 31/43 MP: 6/6
  5161 | D:4      | Paralysed by a giant eyeball for 2 turns
  5168 | D:4      | Reached skill level 5 in Dodging
  5300 | D:5      | Entered Level 5 of the Dungeon
  5300 | D:5      | Found Riosies' Antique Armour Boutique.
  5335 | D:5      | Reached skill level 1 in Evocations
  5499 | D:5      | Noticed 4tharraofdagon's ghost (experienced KoBe)
  6207 | D:5      | Reached XP level 8. HP: 48/48 MP: 9/9
  6207 | D:5      | Reached skill level 6 in Dodging
  6310 | D:6      | Found a staircase to the Ecumenical Temple.
  6319 | Temple   | Entered the Ecumenical Temple
  6428 | Temple   | Became a worshipper of Warmaster Okawaru
  6705 | D:5      | Found a bloodstained altar of Trog.
  6714 | D:5      | Found an ancient bone altar of Kikubaaqudgha.
  6714 | D:5      | Found a glowing silver altar of Zin.
  7259 | D:5      | Reached skill level 5 in Fighting
  7550 | D:5      | Reached skill level 7 in Dodging
  7641 | D:6      | Reached skill level 5 in Stealth
  7919 | D:6      | HP: 2/49 [centaur/trident (5)]
  7920 | D:6      | Slain by a centaur

Action                   |  1- 3 |  4- 6 |  7- 9 || total
-------------------------+-------+-------+-------++-------
Melee: Short sword       |   134 |       |       ||   134
       Dagger            |    23 |   311 |   552 ||   886
Evoke: Wand              |       |     9 |    18 ||    27
  Use: Potion            |     4 |     7 |     3 ||    14
       Scroll            |       |       |    12 ||    12
 Stab: Sleeping          |     1 |     4 |     2 ||     7
       Paralysed         |       |     3 |     5 ||     8
       Distracted        |       |       |     1 ||     1
